 Dungeon Crawl Stone Soup version 0.19.1-28-ge1247f7 (webtiles) character file.

158 Mefis the Magician (level 5, 0/28 HPs)
             Began as a Deep Elf Wizard on Jan 20, 2017.
             Slain by Grinder (2 damage)
             ... on level 3 of the Dungeon on Jan 21, 2017.
             The game lasted 00:07:49 (3778 turns).

Mefis the Magician (Deep Elf Wizard)                Turns: 3778, Time: 00:07:51

Health: 0/28       AC:  3    Str:  4    XL:     5   Next: 16%
Magic:  8/15       EV: 13    Int: 24    God:
Gold:   191        SH:  0    Dex: 13    Spells: 6 memorised, 2 levels left

rFire  . . .     SeeInvis .     k - +0 short sword
rCold  . . .     Gourm    +     a - +0 robe
rNeg   . . .     Faith    .     (no shield)
rPois  +         Spirit   .     b - +0 hat
rElec  .         Reflect  .     (no cloak)
rCorr  .         Harm     .     m - +0 pair of gloves
MR     .....                    (no boots)
Stlth  ++........               q - amulet of the gourmand
                                (no ring)
                                p - ring of poison resistance

@: repel missiles
A: no striking features
a: no special abilities


You were on level 3 of the Dungeon.
You were not hungry.

You visited 1 branch of the dungeon, and saw 3 of its levels.

You collected 191 gold pieces.

Inventory:

Hand Weapons
 k - a +0 short sword (weapon)
 v - a +0 mace of holy wrath
 y - a +0 hunting sling
Missiles
 n - 7 needles of confusion
 o - a throwing net (quivered)
 s - 21 sling bullets
Armour
 a - a +0 robe (worn)
 b - a +0 hat (worn)
 m - a +0 pair of gloves (worn)
Jewellery
 p - a ring of poison resistance (left hand)
 q - an amulet of the gourmand (around neck)
Scrolls
 h - 2 scrolls of teleportation {unknown}
 i - a scroll of blinking {unknown}
 j - a scroll of recharging {unknown}
 l - 2 scrolls of enchant weapon {unknown}
 r - a scroll of immolation {unknown}
 t - a scroll of fear {unknown}
 w - a scroll of identify {unknown}
Potions
 e - a potion of resistance {unknown}
 u - a potion of brilliance {unknown}
 x - a potion of lignification {unknown}
 z - a potion of magic {unknown}
Books
 c - a book of Minor Magic

   Spells                             Type                      Level
   a - Magic Dart                     Conjuration                  1
   b - Blink                          Translocation                2
   c - Call Imp                       Summoning                    2
   d - Repel Missiles                 Charms/Air                   2
   e - Slow                           Hexes                        2
   f - Conjure Flame                  Conjuration/Fire             3
   g - Mephitic Cloud                 Conjuration/Poison/Air       3
Comestibles
 d - 2 bread rations
 f - a royal jelly
 g - a meat ration


   Skills:
 + Level 3.4 Dodging
 + Level 3.8 Stealth
 * Level 5.8 Spellcasting
 + Level 1.9 Conjurations
 - Level 1.1 Summonings
 - Level 1.1 Translocations
 + Level 1.3 Air Magic
 + Level 1.3 Poison Magic


You had 2 spell levels left.
You knew the following spells:

 Your Spells              Type           Power        Failure   Level  Hunger
a - Magic Dart            Conj           ###.         4%          1    None
b - Call Imp              Summ           ##......     10%         2    None
c - Blink                 Tloc           N/A          10%         2    None
d - Repel Missiles        Chrm/Air       ##....       12%         2    None
e - Mephitic Cloud        Conj/Pois/Air  ##......     17%         3    #......
f - Conjure Flame         Conj/Fire      ##......     21%         3    #......


Dungeon Overview and Level Annotations

Branches:
Dungeon (3/15)

Altars:
Ru

Annotations:
D:3 Grinder


Message History

Casting: Magic Dart
Confirm with . or Enter, or press ? or * to list all spells.
Aiming: Magic Dart
Press: ? - help, Shift-Dir - straight line, f/p - Grinder
Aim: Grinder (lightly wounded)
The magic dart hits Grinder.
Grinder is lightly wounded.
Grinder hits you.
You writhe in agony.
Casting: Magic Dart
Confirm with . or Enter, or press ? or * to list all spells.
A beastly little devil appears in a puff of frigid air.
Grinder gestures at you. You resist with significant effort.
Casting: Call Imp
Confirm with . or Enter, or press ? or * to list all spells.
A shadowy apparition takes form in the air.
Grinder hits you!
* * * LOW HITPOINT WARNING * * *
You writhe in agony.
You die...

.#.# #.# #.#.# .#.#
#.#####.#.# .#.#
#.......#.# .#.#
#########.# .#.## #.#
....######## #.#
##.........# .#
##.######.#######5#.#
#............5@5...#
####################


You could see Grinder, a friendly white imp and a friendly shadow imp.

Vanquished Creatures
  7 adders
  A worm (D:2)
  3 dart slugs
  3 leopard geckos
  5 orcs (D:3)
  10 bats
  3 giant cockroaches
  10 goblins
  5 hobgoblins
  8 jackals
  6 frilled lizards
  5 kobolds
  7 rats
73 creatures vanquished.

Vanquished Creatures (collateral kills)
  2 orcs
  A bat (D:2)
  3 jackals (D:1)
6 creatures vanquished.

Grand Total: 79 creatures vanquished

Notes
Turn   | Place    | Note
-------+----------+-------------------------------------------
     0 | D:1      | Mefis the Deep Elf Wizard began the quest for the Orb.
     0 | D:1      | Reached XP level 1. HP: 10/10 MP: 7/7
   150 | D:1      | Reached XP level 2. HP: 15/15 MP: 2/9
   170 | D:1      | Learned a level 2 spell: Call Imp
   173 | D:1      | Learned a level 2 spell: Blink
   176 | D:1      | Learned a level 2 spell: Repel Missiles
   595 | D:1      | Reached skill level 5 in Spellcasting
   725 | D:1      | Reached XP level 3. HP: 17/19 MP: 5/11
   730 | D:1      | Learned a level 3 spell: Mephitic Cloud
  1626 | D:2      | Found a sacrificial altar of Ru.
  2184 | D:3      | Reached XP level 4. HP: 24/24 MP: 9/13
  2257 | D:2      | Upgraded the game from 0.19.1-1-g22dce08 to 0.19.1-28-ge1247f7
  2379 | D:2      | Learned a level 3 spell: Conjure Flame
  2387 | D:3      | Reached skill level 1 in Poison Magic
  2939 | D:2      | Reached skill level 1 in Air Magic
  3370 | D:3      | Reached XP level 5. HP: 28/28 MP: 9/15
  3772 | D:3      | Noticed Grinder
  3778 | D:3      | Slain by Grinder

Skill      XL: |  1  2  3  4 |
---------------+-------------+-----
Spellcasting   | 5 |  5.8
Stealth        | 3 |  3.8
Dodging        | 3 |  3.4
Poison Magic   | 1 |  1.3
Air Magic      | 1 |  1.3
Conjurations   | |  1.9
Summonings     | |  1.1
Translocations | |  1.1

Action                   |  1- 3 |  4- 6 || total
-------------------------+-------+-------++-------
Melee: Short sword       |    11 |    12 ||    23
 Cast: Magic Dart        |   106 |   102 ||   208
       Call Imp          |     2 |     5 ||     7
       Repel Missiles    |     2 |       ||     2
       Mephitic Cloud    |     1 |     1 ||     2
  Eat: Chunk             |     7 |     5 ||    12
Armor: Robe              |    18 |     7 ||    25
Dodge: Dodged            |    48 |    50 ||    98
       Deflected         |     2 |     3 ||     5
